 Dungeon Crawl Stone Soup version 0.29.0 (webtiles) character file.

Game seed: 621511254096574179

1886 XZede the Chopper (level 8, -2/93 HPs)
             Began as a Demigod Wanderer on Sept 2, 2022.
             Engulfed by a steam dragon's steam (7 damage)
             ... on level 6 of the Dungeon.
             The game lasted 00:33:52 (8903 turns).

XZede the Chopper (Demigod Wanderer)                Turns: 8903, Time: 00:33:53

Health: -2/93      AC:  9    Str: 20    XL:     8   Next: 61%
Magic:  17/17      EV: 12    Int: 16    God:
Gold:   52         SH:  5    Dex: 14    Spells: 15/15 levels left

rFire   . . .      SeeInvis .   b - +1 flail (drain)
rCold   . . .      Faith    .   (no shield)
rNeg    . . .      Spirit   .   i - +0 ring mail
rPois   +          Reflect  +   (no helmet)
rElec   .          Harm     .   C - scarf {repulsion}
rCorr   .          Rampage  .   d - +1 pair of gloves
Will    +....                   (no boots)
Stlth   ..........              y - amulet of reflection
HPRegen 0.25/turn               t - ring of poison resistance
MPRegen 0.15/turn               (no ring)

@: berserking, repel missiles, very quick
A: high MP 1, forlorn, divine attributes, iridescent scales 1, clever 1,
strong-willed 1
a: no special abilities


You were on level 6 of the Dungeon.
You visited 1 branch of the dungeon, and saw 6 of its levels.

You collected 332 gold pieces.
You spent 280 gold pieces at shops.

Inventory:

Hand Weapons
 a - a +0 hand axe
 b - a +1 flail of draining (weapon)
Missiles
 D - 2 stones (quivered)
Armour
 d - a +1 pair of gloves (worn)
 i - a +0 ring mail (worn)
 C - a scarf of repulsion (worn)
 E - a +0 helmet
Magical Staves
 r - a staff of cold
Jewellery
 t - a ring of poison resistance (left hand)
 y - an amulet of reflection (around neck)
Wands
 w - a wand of iceblast (17)
 x - a wand of digging (2)
Scrolls
 f - 2 scrolls of immolation
 k - a scroll of noise {unknown}
 l - a scroll of fog
 n - a scroll of silence {unknown}
 o - a scroll of blinking {unknown}
 p - 3 scrolls of enchant armour
 q - a scroll of vulnerability {unknown}
 s - 6 scrolls of identify
 v - 2 scrolls of magic mapping {unknown}
 F - a scroll of enchant weapon {unknown}
Potions
 c - a potion of brilliance
 h - 3 potions of mutation
 j - a potion of flight
 m - a potion of degeneration {unknown}
 u - a potion of ambrosia
 z - a potion of curing
 A - a potion of magic {unknown}


   Skills:
 * Level 2.4 Fighting
 - Level 7.9(8.1) Axes
 * Level 2.1(5.4) Maces & Flails
 + Level 2.5 Armour
 - Level 2.9 Dodging
 - Level 1.7 Stealth
 - Level 2.6 Unarmed Combat
 - Level 4.2 Spellcasting
 - Level 1.0 Evocations


You had 15 spell levels left.
You didn't know any spells.
Your spell library contained the following spells:

 Spells                   Type           Power      Damage    Failure   Level
 Apportation              Tloc           6%         N/A       28%         1
 Animate Dead             Necr           3%         N/A       95%         4
 Alistair's Intoxication  Tmut/Pois      2%         N/A       100%        5
 Borgnjor's Vile Clutch   Necr/Erth      1%         N/A       100%        5
 Iskenderun's Battlesphe  Conj           3%         2d6       100%        5
 Death Channel            Necr           1%         N/A       100%        6
 Iron Shot                Conj/Erth      1%         9d1       100%        6
 Spellforged Servitor     Conj/Summ      1%         N/A       100%        7


Dungeon Overview and Level Annotations

Branches:
Dungeon (6/15)
 Temple: D:4-7

Shops:
D:3 :   D:5 *


Innate Abilities, Weirdness & Mutations

You have an increased reservoir of magic. (+10% MP)
You shall have no god before yourself.
Your divine heritage dramatically boosts your attributes as you level up.
You are partially covered in iridescent scales. (AC +2)
Your mind is acute. (Int +4, Str/Dex -1)
You are strong-willed. (Will+)


Message History

You hear a shout!
You hit the steam dragon. You drain the steam dragon.
The steam dragon is lightly wounded.
You are engulfed in a cloud of scalding steam.
You block the steam dragon's attack.
The steam dragon claws you but does no damage.
The iguana is engulfed in a cloud of scalding steam.
You block the iguana's attack.
You closely miss the steam dragon.
The steam dragon is lightly wounded.
A shadow imp comes into view.
The steam dragon bites you. You block the steam dragon's attack.
You block the iguana's attack.
You closely miss the steam dragon.
The steam dragon is lightly wounded.
The steam dragon breathes steam at you. The ball of steam hits you!!
* * * LOW HITPOINT WARNING * * *
The iguana completely misses you.
You sock the steam dragon!
The steam dragon is heavily wounded.
You are engulfed in a cloud of scalding steam.
The steam dragon misses you.
The steam dragon claws you but does no damage.
The iguana is engulfed in a cloud of scalding steam.
The iguana dies!
You barely miss the steam dragon.
The steam dragon is heavily wounded.
You are engulfed in a cloud of scalding steam.
* * * LOW HITPOINT WARNING * * *
You completely miss the steam dragon.
The steam dragon is heavily wounded.
You are engulfed in a cloud of scalding steam.
* * * LOW HITPOINT WARNING * * *
The steam dragon bites you but does no damage.
The steam dragon claws you but does no damage.
You barely miss the steam dragon.
The steam dragon is heavily wounded.
You are engulfed in a cloud of scalding steam.
You die...

..# #.#.######
..# #.#......#
.## #.######.# .#
#.# #...# ## #.#
#.### #
###.####.# #
#.....##.# # #
####'######.###.#
# #.....# #..@D.#
# #.....#
#.#5ยง...... #
#.....#
###.####### #
##.....# ... #
#......# #... #
#......# ...#. #
#.###### ####.#
###.# # ....#


You could see a steam dragon (drained) and a shadow imp.

Vanquished Creatures
  The ghost of geeeeen the Covert, a novice FeDe of Wu Jian (D:6)
  Sigmund (D:6)
  A black bear (D:6)
  A sky beast (D:6)
  An ice beast (D:5)
  A phantom (D:4)
  A kobold brigand (D:5)
  A bullfrog (D:6)
  3 scorpions
  A necrophage (D:4)
  2 jellies (D:5)
  3 hounds
  An orc priest (D:5)
  A gnoll bouda (D:6)
  2 iguanas (D:5)
  3 orc wizards
  5 gnolls
  7 adders
  A river rat (D:5)
  A white imp (D:6)
  An ufetubus (D:6)
  5 dart slugs
  16 orcs
  4 bats
  2 endoplasms
  2 giant cockroaches
  6 hobgoblins
  9 jackals
  9 quokkas
  5 ball pythons
  5 frilled lizards
  3 goblins
  30 kobolds
  8 rats
143 creatures vanquished.

Vanquished Creatures (collateral kills)
  Prince Ribbit (D:5)
1 creature vanquished.

Vanquished Creatures (others)
  An iguana (D:6)
  48 plants (D:5)
49 creatures vanquished.

Grand Total: 193 creatures vanquished

Notes
Turn   | Place    | Note
-------+----------+-------------------------------------------
     0 | D:1      | XZede the Demigod Wanderer began the quest for the Orb.
     0 | D:1      | XZede set off with the following items: a +0 hand axe, a
                  | scroll of fear, a potion of brilliance, a +0 pair of
                  | gloves, a scroll of summoning, a +0 leather armour.
     0 | D:1      | Reached XP level 1. HP: 16/16 MP: 3/3
   252 | D:1      | Reached skill level 2 in Axes
   252 | D:1      | Reached XP level 2. HP: 23/23 MP: 4/4
  1133 | D:2      | Reached skill level 3 in Axes
  1133 | D:2      | Reached XP level 3. HP: 10/28 MP: 5/5
  2177 | D:2      | Gained mutation: Your mind is acute. (Int +4, Str/Dex -1)
                  | [potion of mutation]
  2177 | D:2      | Gained mutation: You are strong-willed. (Will+) [potion of
                  | mutation]
  2177 | D:2      | Gained mutation: You are partially covered in iridescent
                  | scales. (AC +2) [potion of mutation]
  2506 | D:3      | Reached XP level 4. HP: 35/35 MP: 6/6
  2586 | D:3      | Reached skill level 4 in Axes
  2941 | D:3      | Found Ves Quc's Vocational Training.
  3117 | D:4      | Noticed a phantom
  3129 | D:4      | Reached skill level 1 in Spellcasting
  3129 | D:4      | Reached XP level 5. HP: 39/40 MP: 7/9
  3300 | D:4      | Reached skill level 5 in Axes
  3518 | D:4      | Reached XP level 6. HP: 47/47 MP: 11/11
  3998 | D:5      | Entered Level 5 of the Dungeon
  4179 | D:5      | Noticed Prince Ribbit
  4199 | D:5      | Killed Prince Ribbit
  4200 | D:5      | Reached skill level 6 in Axes
  4200 | D:5      | Reached XP level 7. HP: 12/52 MP: 12/14
  4789 | D:5      | Found Yrphiuwa's Assorted Antiques.
  4797 | D:5      | Bought a runed scarf for 280 gold pieces
  5347 | D:5      | Reached skill level 7 in Axes
  6993 | D:6      | Reached skill level 1 in Armour
  7046 | D:6      | Reached XP level 8. HP: 36/59 MP: 17/17
  7276 | D:6      | Noticed geeeeen's ghost (novice FeDe)
  7308 | D:6      | Noticed Sigmund
  7911 | D:6      | Killed Sigmund
  8091 | D:6      | Reached skill level 1 in Maces & Flails
  8513 | D:6      | Found a runed translucent door.
  8577 | D:6      | Killed geeeeen's ghost
  8903 | D:6      | Engulfed by a steam dragon's steam

Illustrated notes

Levels and vault maps discovered:
D:1:      eino_arrival_water_cross, layout_rooms, palyth_stone_intersect,
          kennysheep_minor_cross
D:2:      layout_loops_cross, chequers_big_river
D:3:      layout_rooms, nicolae_shop_vocational
D:4:      layout_loops_ring, minmay_crystal_water
D:5:      kennysheep_kobold_camp, layout_layer_cave, kennysheep_mini_moat,
          mainiacjoe_overflow_alcove_4, gup_sewer_entry_spiral, serial_shops,
          shop, uniq_prince_ribbit1
D:6:      layout_basic, hellmonk_ghost_happy_afterlife, uniq_sigmund

Skill      XL: |  1  2  3  4  5  6  7  8 |
---------------+-------------------------+-----
Axes           | 2 3 4 5 6 7 |  7.9
Spellcasting   | 1 2 3 4 |  4.2
Dodging        | 2 |  2.9
Armour         | 1 2 |  2.5
Maces & Flails | 2 |  2.1
Fighting       | 2 |  2.4
Stealth        | |  1.7
Unarmed Combat | |  2.6
Evocations     | |  1.0

Action                   |  1- 3 |  4- 6 |  7- 9 || total
-------------------------+-------+-------+-------++-------
Melee: Hand axe          |   184 |   140 |   322 ||   646
       Punch             |     4 |       |     5 ||     9
       Flail             |       |       |    65 ||    65
Throw: Stone             |       |    56 |       ||    56
Evoke: Wand              |       |       |     4 ||     4
  Use: Scroll            |     5 |     1 |     3 ||     9
       Potion            |     1 |     1 |     9 ||    11
 Stab: Sleeping          |       |       |     1 ||     1
Armor: Leather armour    |     6 |       |       ||     6
       Ring mail         |   100 |    80 |   122 ||   302
Dodge: Dodged            |   137 |    80 |   189 ||   406
       Repelled          |       |       |     1 ||     1
Block: Other             |       |    24 |    81 ||   105
       Reflection        |       |     1 |     3 ||     4
